 Dungeon Crawl Stone Soup version 0.30-a0-1066-g63dfefce0d (webtiles) character file.

Game seed: 1532698268302706333

202 Esekla the Sneak (level 5, 29/38 HPs)
             Began as an Octopode Delver on Apr 12, 2023.
             Quit the game on level 5 of the Dungeon.
             The game lasted 00:07:08 (531 turns).

Esekla the Sneak (Octopode Delver)                   Turns: 531, Time: 00:07:08

Health: 29/38      AC:  1    Str: 11    XL:     5   Next: 80%
Magic:  7/7        EV: 13    Int: 14    God:
Gold:   0          SH:  0    Dex: 14    Spells: 7/7 levels left

rFire   . . .      SeeInvis .    a - +0 falchion
rCold   . . .      Faith    .    (no shield)
rNeg    . . .      Spirit   .    (helmet restricted)
rPois   .          Reflect  .    (no amulet)
rElec   .          Rampage  .    (no ring)
rCorr   .                        (no ring)
Will    .....                    (no ring)
Stlth   +++++                    (no ring)
HPRegen 0.26/turn                (no ring)
MPRegen 0.10/turn                (no ring)
                                 (no ring)
                                 (no ring)

@: hasted, very quick
A: almost no armour, amphibious, 8 rings, camouflage 1, gelatinous body 1,
(nimble swimmer 1), tentacles
a: no special abilities


You were on level 5 of the Dungeon.
You visited 1 branch of the dungeon, and saw 1 of its levels.

Inventory:

Hand Weapons
 a - a +0 falchion (weapon)
 r - a +0 spear
 s - a +0 dagger
Wands
 d - a wand of light (9)
 f - a wand of digging (3)
 h - a wand of paralysis (14)
Scrolls
 b - a scroll of fog
 c - a scroll of vulnerability {unknown}
 g - 2 scrolls of identify {unknown}


   Skills:
 * Level 4.3 Fighting
 + Level 0.1(1.7) Short Blades
 * Level 2.9 Long Blades
 * Level 2.5 Dodging
 + Level 7.7 Stealth
 * Level 1.6 Spellcasting


You had 7 spell levels left.
You didn't know any spells.
Your spell library was empty.

Dungeon Overview and Level Annotations

Branches:
Dungeon (5/15)
 Temple: D:4-7

Altars:
Elyvilon
Fedhas
Zin
The Shining One

Shops:
D:5 *

Annotations:
D:5 Edmund, Grinder


Innate Abilities, Weirdness & Mutations

You cannot wear most types of armour.
You are amphibious.
You can wear up to eight rings at the same time.
Your skin changes colour to match your surroundings (Stealth+).
Your rubbery body absorbs attacks. (AC +1, EV +1)
((You are camouflaged when in or above water. (Stealth+)))
You have tentacles for arms and can constrict up to eight enemies at once.


Message History

Magic restored.
You start resting.
HP restored.
Found a ring mail.
Found a leather armour.
Found a scroll labelled GOAHONW URER.
You see here a +0 leather armour.
g - 2 scrolls labelled GOAHONW URER (gained 1)
You see here a +0 leather armour.
Found a jewelled silver wand.
h - a wand of paralysis (14)
Found Fiphal's Elemental Accessories.
A water moccasin comes into view.
There is an entrance to Fiphal's Elemental Accessories here.
Unknown command.
You see here a hound skeleton.
Edmund and an orc come into view.
Edmund is wielding a +4 heavy flail and wearing a +1 scale mail of poison resistance.
A quokka comes into view.
Found an escape hatch in the floor.
You start waiting.
A gnoll is nearby!
The gnoll shouts!
A scorpion comes into view.
The gnoll shouts!
Okay, then.
You feel yourself speed up. The gnoll closely misses you.
An orc, an orc priest and a scorpion come into view.
An orc comes into view. It is wielding a +0 short sword.
A scorpion comes into view.
As you open the door, it creaks loudly!
The orc priest shouts!
You hear a shout! x2
The orc priest invokes the aid of Beogh against you.
Beogh smites you!
Found a blossoming altar of Fedhas.
There is an open door here.
As you close the door, it creaks loudly!
Unknown command.
Are you sure you want to abandon this character and quit the game? (Confirm with "yes".)

****,,...###.###.##.....,,,,,,,,,
* *,,...##...#.........,*,,,*,**
*,,........r.g.......**,,*,,,,
**,,,,.....#.#........**,,,,,,*
*,,,,,....,#r#...s....*,,,,,,**
*,,,,,##...#g#o...###.,,,,,,,**
**,>,,*#...........#,,,,,,,,,**
**,,....#.###+###.#*,***,,,,,,
*,,##,...* #@# *...,**,,,,,,,
*,,,,...,**#.#**,..,***,,,,,,
**,,...s.,**#_.,+,,,** ***,,,,
*,,,....,,*##.##*,,** *,,,,
**,,###.,,* #.# *,** *,,,, **,*
***,**#+#**,* **,,, ***
*,,,,,,,,,* ***,* ***********
*,,,* *<,,,


There were no monsters in sight!

Vanquished Creatures
  Menkaure (D:5)
  2 hounds (D:5)
  A gnoll (D:5)
  2 adders (D:5)
6 creatures vanquished.

Notes
Turn   | Place    | Note
-------+----------+-------------------------------------------
     0 | D:5      | Esekla the Octopode Delver began the quest for the Orb.
     0 | D:5      | Reached XP level 1. HP: 16/16 MP: 1/1
    32 | D:5      | Noticed a hound
    36 | D:5      | Noticed Grinder
    57 | D:5      | Noticed a hound
    58 | D:5      | Noticed Menkaure
    66 | D:5      | Killed a hound
    67 | D:5      | Reached skill level 7 in Stealth
    67 | D:5      | Reached XP level 2. HP: 5/21 MP: 2/2
    67 | D:5      | Reached XP level 3. HP: 6/26 MP: 3/3
    90 | D:5      | Reached skill level 1 in Spellcasting
   125 | D:5      | Reached XP level 4. HP: 22/33 MP: 5/5
   252 | D:5      | Killed Menkaure
   253 | D:5      | Reached XP level 5. HP: 8/38 MP: 5/7
   260 | D:5      | Found a white marble altar of Elyvilon.
   260 | D:5      | Found a glowing silver altar of Zin.
   260 | D:5      | Found a glowing golden altar of the Shining One.
   424 | D:5      | Found Fiphal's Elemental Accessories.
   429 | D:5      | Noticed a water moccasin
   473 | D:5      | Noticed Edmund
   527 | D:5      | Found a blossoming altar of Fedhas.
   531 | D:5      | Quit the game

Illustrated notes

Levels and vault maps discovered:
D:5:      layout_cave_pools, dreamdust_divine_triumvirate, lemuel_doored_altar,
          mrwooster_statue_mirror, nicolae_elemental_shop,
          kennysheep_minor_cross, uniq_edmund, uniq_menkaure, uniq_grinder,
          uniq_crazy_yiuf_cottage

Skill      XL: |  1  2  3  4 |
---------------+-------------+-----
Stealth        | 7 |  7.7
Spellcasting   | 1 |  1.6
Fighting       | 4 |  4.3
Short Blades   | |  0.1
Long Blades    | |  2.9
Dodging        | |  2.5

Action                     |  1- 3 |  4- 6 || total
---------------------------+-------+-------++-------
  Melee: Falchion          |    12 |     9 ||    21
         Tentacles         |     2 |     3 ||     5
         Constrict         |     2 |     2 ||     4
         Dagger            |     2 |       ||     2
    Use: Scroll            |     2 |       ||     2
         Potion            |       |     1 ||     1
   Stab: Sleeping          |     2 |       ||     2
  Dodge: Dodged            |    11 |     9 ||    20

Table legend: (Time is in decaauts)
 A = Elapsed time spent in this place.
 B = Non-inter-level travel time spent in this place.
 C = Inter-level travel time spent in this place.
 D = Time resting spent in this place.
 E = Time spent auto-exploring this place.
 F = Levels seen in this place.
 G = Mean time per level.
                   A        B        C        D        E       F      G
               +--------+--------+--------+--------+--------+-----+--------+
         Total |    528 |    528 |      0 |    144 |      0 |   1 |  528.0 |
       Dungeon |    528 |    528 |      0 |    144 |      0 |   1 |  528.0 |
               +--------+--------+--------+--------+--------+-----+--------+

Top non-repeatable levels by time:
     D:5: 528 daAuts
